 Dungeon Crawl Stone Soup version 0.29.1-2-gbd0b4ee654 (webtiles) character file.

Game seed: 15331170440877529706

117 xian the Trooper (level 5, -1/55 HPs)
             Began as an Ogre Fighter on Nov 12, 2022.
             Slain by a gnoll
             ... wielding a +0 halberd
              (2 damage)
             ... on level 3 of the Dungeon.
             The game lasted 00:04:31 (3095 turns).

xian the Trooper (Ogre Fighter)                     Turns: 3095, Time: 00:04:31

Health: -1/55      AC:  3    Str: 22    XL:     5   Next: 1%
Magic:  5/5        EV:  8    Int:  9    God:
Gold:   135        SH:  7    Dex:  8    Spells: 4/4 levels left

rFire   . . .      SeeInvis .   a - +0 long sword
rCold   . . .      Faith    .   c - +0 kite shield
rNeg    . . .      Spirit   .   b - +0 robe
rPois   .          Reflect  .   (helmet restricted)
rElec   .          Harm     .   (no cloak)
rCorr   .          Rampage  .   (gloves unavailable)
Will    .....                   (boots unavailable)
Stlth   +.........              (no amulet)
HPRegen 0.18/turn               (no ring)
MPRegen 0.09/turn               (no ring)

@: no status effects
A: large, unfitting armour, tough skin 1
a: no special abilities


You were on level 3 of the Dungeon.
You visited 1 branch of the dungeon, and saw 3 of its levels.

You collected 135 gold pieces.

Inventory:

Hand Weapons
 a - a +0 long sword (weapon)
Armour
 b - a +0 robe (worn)
 c - a +0 kite shield (worn)
Scrolls
 e - 2 scrolls of enchant weapon {unknown}
 f - a scroll of poison {unknown}
 g - a scroll of magic mapping {unknown}
 h - a scroll of enchant armour {unknown}
 j - a scroll of identify {unknown}
Potions
 d - a potion of might
 i - a potion of flight {unknown}
 k - a potion of heal wounds {unknown}
 l - a potion of lignification {unknown}
 m - a potion of berserk rage {unknown}


   Skills:
 + Level 4.8 Fighting
 + Level 2.9 Long Blades
 + Level 3.3 Dodging
 + Level 0.5 Stealth
 + Level 3.6 Shields


You had 4 spell levels left.
You didn't know any spells.
Your spell library contained the following spells:

 Spells                   Type           Power      Damage    Failure   Level
 Slow                     Hex            0%         N/A       67%         1
 Blink                    Tloc           0%         N/A       82%         2
 Confusing Touch          Hex            0%         N/A       96%         3
 Lesser Beckoning         Tloc           0%         N/A       96%         3
 Vampiric Draining        Necr           0%         2d6       96%         3
 Manifold Assault         Tloc           0%         N/A       100%        5


Dungeon Overview and Level Annotations

Branches:
Dungeon (3/15)

Altars:
Gozag


Innate Abilities, Weirdness & Mutations

You are too large for most types of armour.
You have tough skin. (AC +1)


Message History

The goblin hits you but does no damage.
You barely miss the goblin. The goblin hits you but does no damage.
You slash the goblin!
You kill the goblin!
The gnoll barely misses you.
A gnoll comes into view. It is wielding a +4 flail.
You block the gnoll's attack.
The orc shouts!
You hear a shout!
A gnoll comes into view. It is wielding a +0 spear.
The gnoll hits you with a +0 halberd!
Things that are here:
a +0 dagger; a goblin corpse; a rat corpse You closely miss the gnoll.
The gnoll hits you with a +0 halberd.
You hit the gnoll.
The gnoll is lightly wounded.
A rat comes into view.
The gnoll barely misses you.
Unknown command.
You barely miss the gnoll.
The gnoll is lightly wounded.
The gnoll hits you with a +0 halberd. The gnoll hits you with a +4 flail!
The gnoll hits you with a +0 halberd. The orc hits you with a +0 flail!
You hit the gnoll but do no damage.
The gnoll is lightly wounded.
The orc barely misses you. The gnoll hits you with a +0 halberd!
* * * LOW HITPOINT WARNING * * *
The gnoll hits you with a +4 flail.
* * * LOW HITPOINT WARNING * * *
You barely miss the gnoll.
The gnoll is lightly wounded.
The orc hits you but does no damage. The gnoll hits you with a +0 halberd.
* * * LOW HITPOINT WARNING * * *
You block the gnoll's attack. The gnoll closely misses you.
The gnoll hits you but does no damage. You block the orc's attack.
Unknown command.
The gnoll attacks as you move away! You block the gnoll's attack.
The gnoll barely misses you.
There is a stone staircase leading up here.
The gnoll hits you from afar with a +0 halberd.
You die...

###########
....$..@..#
......og?.#
......rg..#
............#
..........#....
........#......
........#####..
........# ?.
........#


You could see 2 gnolls, an orc and a rat.

Vanquished Creatures
  3 gnolls (D:2)
  5 adders (D:2)
  3 dart slugs
  2 ball pythons
  3 endoplasms
  A giant cockroach (D:1)
  8 goblins
  4 hobgoblins (D:1)
  A quokka (D:1)
  2 bats
  5 frilled lizards
  A kobold (D:2)
  3 rats
41 creatures vanquished.

Notes
Turn   | Place    | Note
-------+----------+-------------------------------------------
     0 | D:1      | xian the Ogre Fighter began the quest for the Orb.
     0 | D:1      | Reached XP level 1. HP: 24/24 MP: 1/1
   212 | D:1      | Reached XP level 2. HP: 28/32 MP: 2/2
  1326 | D:1      | Found a faded altar of an unknown god.
  1512 | D:2      | Reached XP level 3. HP: 16/40 MP: 3/3
  2030 | D:2      | Reached XP level 4. HP: 11/49 MP: 4/4
  2326 | D:2      | Found an opulent altar of Gozag.
  2996 | D:2      | Reached XP level 5. HP: 55/55 MP: 5/5
  3093 | D:3      | HP: 1/55 [gnoll/+0 halberd (4)]
  3095 | D:3      | Slain by a gnoll

Illustrated notes

Levels and vault maps discovered:
D:1:      lemuel_arrival_funnel, layout_basic,
          hellmonk_ecumenical_altar_heavens_door
D:2:      layout_basic, basic_altar
D:3:      layout_rooms, mainiacjoe_overflow_cross_hatched

Skill      XL: |  1  2 |
---------------+-------+-----
Long Blades    | 2 |  2.9
Dodging        | 3 |  3.3
Fighting       | |  4.8
Stealth        | |  0.5
Shields        | |  3.6

Action                   |  1- 3 |  4- 6 || total
-------------------------+-------+-------++-------
Melee: Long sword        |   119 |    83 ||   202
 Stab: Sleeping          |     1 |       ||     1
Armor: Robe              |    38 |    25 ||    63
Dodge: Dodged            |    51 |    43 ||    94
Block: Kite shield       |    59 |    42 ||   101
